 Dungeon Crawl Stone Soup version 0.17.0-28-g6e173f8 (webtiles) character file.

513 multipassport the Conjurer (level 7, 0/41 HPs)
             Began as a Tengu Conjurer on Nov 22, 2015.
             Was an Initiate of Vehumet.
             Slain by Grinder (11 damage)
             ... while paralysed by Grinder
             ... on level 5 of the Dungeon on Nov 25, 2015.
             The game lasted 00:19:54 (4783 turns).

multipassport the Conjurer (Tengu Conjurer)         Turns: 4783, Time: 00:19:54

Health: 0/41       AC:  3    Str:  8    XL:     7   Next: 20%
Magic:  7/13       EV:  2    Int: 18    God:    Vehumet [......]
Gold:   121        SH:  0    Dex: 14    Spells: 4 memorised, 3 levels left

rFire  . . .     SeeInvis .     p - +2 mace (venom)
rCold  . . .     Clarity  .     a - +0 robe
rNeg   . . .     SustAt   .     h - +0 buckler
rPois  .         Gourm    .     (helmet restricted)
rElec  .         Spirit   .     u - +0 cloak (curse)
rCorr  .         Warding  .     (no gloves)
rMut   .         Stasis   .     (boots unavailable)
MR     .....                    (no amulet)
Stlth  ++........               (no ring)
                                m - +3 ring of evasion

@: paralysed, not resistant to hostile enchantments, unstealthy
A: beak, talons 3, able to fly 1
a: Fly, Renounce Religion


You were on level 5 of the Dungeon.
You worshipped Vehumet.
Vehumet was noncommittal.
You were not hungry.

You visited 2 branches of the dungeon, and saw 6 of its levels.

You collected 121 gold pieces.

Inventory:

Hand Weapons
 n - a +2 quarterstaff of chaos
 p - a +2 mace of venom (weapon)
Armour
 a - a +0 robe (worn)
 h - a +0 buckler (worn)
 s - a +2 large shield of reflection
 u - a cursed +0 cloak (worn)
Jewellery
 m - a +3 ring of evasion (left hand)
Wands
 y - a wand of lightning (6)
Scrolls
 e - a scroll of recharging {unknown}
 j - a scroll of random uselessness {unknown}
 k - 5 scrolls of identify {unknown}
 o - 3 scrolls of remove curse {unknown}
 q - 4 scrolls of teleportation {unknown}
 r - a scroll of fog {unknown}
 w - a scroll of fear {unknown}
 z - 3 scrolls of magic mapping {unknown}
 B - a scroll of enchant armour {unknown}
Potions
 d - 3 potions of mutation {unknown}
 f - 2 potions of resistance {unknown}
 g - a potion of degeneration {unknown}
 i - a potion of curing {unknown}
 t - a potion of brilliance {unknown}
 v - a potion of magic {unknown}
 x - a potion of heal wounds
Books
 b - a book of Conjurations

   Spells                             Type                      Level
   a - Magic Dart                     Conjuration                  1
   b - Searing Ray                    Conjuration                  2
   c - Dazzling Spray                 Conjuration/Hexes            3
   d - Fulminant Prism                Conjuration/Hexes            4
   e - Iskenderun's Mystic Blast      Conjuration                  4
   f - Iskenderun's Battlesphere      Conjuration/Charms           5
Comestibles
 c - 7 bread rations
 l - 6 fruits


   Skills:
 + Level 3.1 Fighting
 + Level 3.7 Dodging
 - Level 2.0 Stealth
 + Level 2.6 Shields
 + Level 3.5 Spellcasting
 + Level 6.7 Conjurations
 + Level 1.3 Hexes


You had 3 spell levels left.
You knew the following spells:

 Your Spells              Type           Power        Failure   Level  Hunger
a - Magic Dart            Conj           ####         1%          1    None
b - Searing Ray           Conj           ####..       1%          2    ##.....
c - Dazzling Spray        Conj/Hex       ###.....     14%         3    ###....
d - Iskenderun's Mystic   Conj           ####....     12%         4    ####...


Dungeon Overview and Level Annotations

Branches:
Dungeon (5/15)             Temple (1/1) D:4

Altars:
Ashenzari
Cheibriados
Dithmenos
Elyvilon
Makhleb
Qazlal
Ru
Sif Muna
Trog
Vehumet
Xom
Yredelemnul
Zin

Annotations:
D:5 Grinder


Innate Abilities, Weirdness & Mutations

You have a beak for a mouth.
You have claws for feet.
You can fly.


Message History

You resist with significant effort. Grinder gestures at you.
Pain shoots through your body! Grinder gestures at you.
Pain shoots through your body!
There is an open door here.
You open the door.
There is an open door here.
Grinder gestures at you. You resist with significant effort.
Grinder gestures at you.
You suddenly lose the ability to move!
An orc comes into view. It is wielding a mace.
The orc shouts!
Grinder hits you!
* * * LOW HITPOINT WARNING * * *
Grinder hits you but does no damage. The orc barely misses you.
Grinder hits you but does no damage. The orc hits you but does no damage.
Grinder hits you!
You die...

### #.# #.. ..# ###############
#.# #.# #.............. #.# #.#
#.############# #.# #.# #.##..
#.######.# #.##.########
########.#......###.##.#......#
...............5@o...........>#
########.#.###.........#.#.####
#.#.# #.####.####.#.###### ##
#.#.# #.#<...# #.#.#....# ...
..##.#.# #.###..# #.#.#.##.#
### #.#....#
#.#....####.#.#.##.# #.#..###
#.#.#.......#......# .# #.#..#
#.#.............#### .####.#..#
###...............


You could see Grinder and an orc.

Vanquished Creatures
  The ghost of ThereIsNoGod the Ducker, an amateur MiGl of Qazlal (D:4)
  A slave (D:5)
  An ogre (D:4)
  A crimson imp (D:5)
  Crazy Yiuf (D:2)
  2 orc priests
  2 orc wizards
  3 adders
  An adder skeleton (D:4)
  4 worms
  2 giant geckos (D:3)
  7 orcs
  3 ball pythons
  5 goblins
  9 hobgoblins
  6 jackals
  6 kobolds
  3 quokkas
  10 bats
  4 giant cockroaches
  4 giant newts
  5 rats
81 creatures vanquished.

Notes
Turn   | Place    | Note
--------------------------------------------------------------
     0 | D:1      | multipassport the Tengu Conjurer began the quest for the Orb.
     0 | D:1      | Reached XP level 1. HP: 10/10 MP: 4/4
   498 | D:1      | Reached XP level 2. HP: 10/16 MP: 0/6
   552 | D:1      | Learned a level 2 spell: Searing Ray
  1430 | D:2      | Noticed Crazy Yiuf
  1434 | D:2      | Killed Crazy Yiuf
  1434 | D:2      | Reached skill level 1 in Fighting
  1434 | D:2      | Reached skill level 1 in Shields
  1434 | D:2      | Reached XP level 3. HP: 20/20 MP: 2/7
  1719 | D:2      | Reached XP level 4. HP: 22/25 MP: 3/8
  1883 | D:2      | Learned a level 3 spell: Dazzling Spray
  2700 | D:3      | Reached skill level 6 in Conjurations
  2700 | D:3      | Gained mutation: You can fly. [Tengu growth]
  2700 | D:3      | Reached XP level 5. HP: 30/30 MP: 3/10
  2801 | D:3      | Found a faded altar to an unknown god.
  2885 | D:3      | Found a shattered altar of Ashenzari.
  3029 | D:3      | Learned a level 4 spell: Iskenderun's Mystic Blast
  3412 | D:4      | Noticed an ogre
  3446 | D:5      | Entered Level 5 of the Dungeon
  3680 | D:5      | Noticed a slave
  3680 | D:5      | Noticed a slave
  3680 | D:5      | Noticed a slave
  3716 | D:5      | Killed a slave
  3928 | D:4      | Killed an ogre
  3928 | D:4      | Reached XP level 6. HP: 34/36 MP: 4/11
  3980 | D:4      | Noticed ThereIsNoGod's ghost (amateur MiGl)
  3987 | D:4      | Killed ThereIsNoGod's ghost
  3987 | D:4      | Reached skill level 1 in Hexes
  4097 | D:4      | Reached XP level 7. HP: 40/40 MP: 3/13
  4195 | D:4      | Found a staircase to the Ecumenical Temple.
  4205 | Temple   | Entered the Ecumenical Temple
  4257 | Temple   | Became a worshipper of Vehumet
  4719 | D:5      | Noticed Grinder
  4723 | D:5      | Paralysed by Grinder for 5 turns
  4733 | D:5      | Paralysed by Grinder for 5 turns
  4777 | D:5      | Paralysed by Grinder for 7 turns
  4783 | D:5      | Slain by Grinder

Action                   |  1- 3 |  4- 6 |  7- 9 || total
-------------------------+-------+-------+-------++-------
Melee: Unarmed           |     9 |       |       ||     9
       Club              |     8 |       |       ||     8
       Mace              |     9 |    31 |     8 ||    48
 Cast: Magic Dart        |    24 |    99 |    16 ||   139
       Searing Ray       |     5 |     3 |       ||     8
       Dazzling Spray    |       |     2 |     1 ||     3
       Iskenderun's Myst |       |     1 |       ||     1
 Stab: Sleeping          |       |       |     1 ||     1
  Eat: Chunk             |     3 |     8 |     1 ||    12
       Beef jerky        |       |       |     1 ||     1
